 Dungeon Crawl Stone Soup version 0.31.0-11-ge490571c62 (webtiles) character file.

Game seed: 2194408474232723426

79 qw the Shooter (level 4, -5/22 HPs)
             Began as a Spriggan Hunter on Feb 5, 2024.
             Slain by a gnoll
             ... wielding a +0 spear
              (7 damage)
             ... on level 3 of the Dungeon.
             The game lasted 00:00:06 (1405 turns).

qw the Shooter (Spriggan Hunter)                    Turns: 1405, Time: 00:00:07

Health: -5/22      AC:  2    Str:  7    XL:     4   Next: 16%
Magic:  5/5        EV: 19    Int: 10    God:
Gold:   122        SH:  0    Dex: 20    Spells: 3/3 levels left

rFire   . . .        a - +0 shortbow
rCold   . . .        (shield currently unavailable)
rNeg    . . .        c - +0 robe
rPois   .            (helmet restricted)
rElec   .            (no cloak)
rCorr   .            (gloves unavailable)
SInv    +            (boots unavailable)
Will    .....        (no amulet)
Stlth   ++           (no ring)
HPRegen 0.23/turn    (no ring)
MPRegen 0.09/turn

%: no passive effects
@: very quick
A: very small, no large weapons, unfitting armour, see invisible, speed 3
a: no special abilities


You were on level 3 of the Dungeon.
You visited 1 branch of the dungeon, and saw 3 of its levels.

You collected 122 gold pieces.


Innate Abilities, Weirdness & Mutations

You are very small and have problems with some larger weapons.
You are too small for most types of armour.
You have supernaturally acute eyesight. (SInv)
You cover ground extremely quickly. (Speed+++)


   Skills:
 - Level 1.5 Fighting
 - Level 5.0 Ranged Weapons
 + Level 4.5 Dodging
 - Level 1.5 Stealth


You had 3 spell levels left.
You didn't know any spells.
Your spell library was empty.

Inventory:

Hand Weapons
 a - a +0 shortbow (weapon)
Armour
 c - a +0 robe (worn)
Scrolls
 g - a scroll of identify
Potions
 b - a potion of degeneration {unknown}
 d - a potion of heal wounds {unknown}
 e - a potion of curing {unknown}
 f - a potion of lignification {unknown}
 h - a potion of haste {unknown}

Dungeon Overview and Level Annotations

Branches:
Dungeon (3/15)

Altars:


Message History

You kill the gnoll!
You have reached level 4!
You shoot an arrow. The arrow hits the gnoll!
The gnoll is heavily wounded.
You shoot an arrow. The arrow hits the gnoll.
The gnoll is severely wounded.
You shoot an arrow. The arrow barely misses the gnoll.
The gnoll shouts!
You shoot an arrow. The arrow hits the gnoll!
You kill the gnoll!
You shoot an arrow. The arrow barely misses the gnoll.
You shoot an arrow. The arrow hits the gnoll.
The gnoll is moderately wounded.
The gnoll closely misses you.
You shoot an arrow.
The arrow hits the gnoll but does no damage.
The gnoll is moderately wounded.
You shoot an arrow. The arrow closely misses the gnoll.
The gnoll misses you.
The gnoll throws a throwing net.
The throwing net barely misses you.
You shoot an arrow. The arrow barely misses the gnoll.
The gnoll closely misses you. x2
You shoot an arrow. The arrow hits the gnoll.
The gnoll is heavily wounded.
The gnoll barely misses you. The gnoll closely misses you. x3
You shoot an arrow. The arrow closely misses the gnoll.
The gnoll closely misses you.
The gnoll throws a throwing net.
The throwing net completely misses you.
You shoot an arrow. The arrow hits the gnoll.
The gnoll is heavily wounded.
The gnoll misses you. x2
You shoot an arrow. The arrow hits the gnoll.
The gnoll is severely wounded.
The gnoll hits you with a +0 flail!
The gnoll hits you from afar with a +0 spear.
You shoot an arrow. The arrow hits the gnoll.
The gnoll is severely wounded.
The gnoll hits you with a +0 flail.
The gnoll hits you from afar with a +0 spear!
You die...

.g
#.#####...###.##....
. #. ##.## #. #....
. #. #.# ##.##....
#)#. ##.###....##.#
#.#.###
#.............
#)...#
#..###....##.#
#g#.###..####.##.#.#
#.g......# # #...
##.#@#.....### ##.#
#.........(.... #.#
#.#####.....#### #.#
## #.(...# #.#
##.#### #.# #.# #.#
#.# ..# #.# ### .#


You could see 2 gnolls.

Vanquished Creatures
  2 adders (D:2)
  2 gnolls (D:3)
  An orc (D:3)
  3 bats
  2 endoplasms
  A giant cockroach (D:1)
  7 goblins
  5 hobgoblins (D:1)
  2 jackals (D:3)
  2 quokkas
  5 ball pythons
  A frilled lizard (D:2)
  2 kobolds
  2 rats (D:1)
37 creatures vanquished.

Notes
Turn   | Place    | Note
-------+----------+-------------------------------------------
     0 | D:1      | qw the Spriggan Hunter began the quest for the Orb.
     0 | D:1      | Reached XP level 1. HP: 10/10 MP: 2/2
     0 | D:1      | 0 ||| qw: Version: 0.3-a-160-g6735b56
     0 | D:1      | 0 ||| qw: Game counter: 6294
     0 | D:1      | 0 ||| qw: Melee chars always use a shield: true
     0 | D:1      | 0 ||| qw: God list: Okawaru
     0 | D:1      | 0 ||| qw: Allow faded altars: false
     0 | D:1      | 0 ||| qw: Do Orc after clearing Dungeon:15 true
     0 | D:1      | 0 ||| qw: Do second Lair branch before Depths: true
     0 | D:1      | 0 ||| qw: Lair rune preference: random
     0 | D:1      | 0 ||| qw: Goals: Normal
     0 | D:1      | 0 ||| PLANNING D:1-11
    38 | D:1      | Reached skill level 3 in Dodging
   161 | D:1      | Reached XP level 2. HP: 14/14 MP: 3/3
   528 | D:1      | Reached XP level 3. HP: 12/18 MP: 4/4
   653 | D:1      | 653 ||| DROPPING ring of wizardry.
   654 | D:1      | 654 ||| READING 2 scrolls labelled MEFISS JIRGHI.
   654 | D:1      | 654 ||| IDENTIFYING 2 bubbling white potions
   655 | D:1      | 655 ||| READING scroll of identify.
   655 | D:1      | 655 ||| IDENTIFYING scroll labelled VAADON MASCHOSA
   656 | D:1      | 656 ||| READING 2 scrolls labelled DYENUY ESHRIEN.
   657 | D:1      | 657 ||| READING scroll labelled SUCEVES URAIJ.
   658 | D:1      | 658 ||| DROPPING scroll of butterflies.
   659 | D:1      | 659 ||| DROPPING scroll of blinking.
   660 | D:1      | 660 ||| DROPPING scroll of vulnerability.
   661 | D:1      | 661 ||| DROPPING 2 potions of brilliance.
  1213 | D:2      | 1213 ||| READING scroll labelled COSKAQU KYECEKH.
  1247 | D:2      | 1247 ||| READING scroll labelled CULUWO CA TOV.
  1347 | D:3      | Reached skill level 5 in Ranged Weapons
  1389 | D:3      | 1389 ||| RETREEEEATING.
  1392 | D:3      | Reached XP level 4. HP: 22/22 MP: 5/5
  1405 | D:3      | HP: 2/22 [gnoll/+0 flail (4)]
  1405 | D:3      | Slain by a gnoll

Levels and vault maps discovered:
D:1:      dpeg_arrival_arbitrary_b, layout_basic, minmay_misc_feat_rugged
D:2:      layout_loops_ring
D:3:      layout_loops_ring, uniq_natasha, uniq_sigmund

Skill      XL: |  1  2  3 |
---------------+----------+-----
Dodging        | 3 4 |  4.5
Ranged Weapons | 5 |  5.0
Fighting       | |  1.5
Stealth        | |  1.5

Action                     |  1- 3 |  4- 6 || total
---------------------------+-------+-------++-------
   Fire: Shortbow          |   102 |    14 ||   116
    Use: Scroll            |     6 |       ||     6
 Armour: Robe              |     8 |     4 ||    12
  Dodge: Dodged            |    23 |    13 ||    36

Table legend:
 A = Non-vault XP
 B = Vault XP
 C = Vault XP percentage of total XP
 D = Non-vault monster count
 E = Vault monster count
 F = Vault count percentage of total count
                 A         B        C        D         E       F
            +---------+---------+-------+---------+---------+-------
      Total |     113 |       0 |   0.0 |      37 |       0 |   0.0
            +---------+---------+-------+---------+---------+-------
        D:1 |      41 |       0 |   0.0 |      23 |       0 |   0.0
        D:2 |      36 |       0 |   0.0 |       8 |       0 |   0.0
        D:3 |      36 |       0 |   0.0 |       6 |       0 |   0.0
            +---------+---------+-------+---------+---------+-------
